 Dungeon Crawl Stone Soup version 0.19-a0-47-g1fa3c7d (webtiles) character file.

192 AlphabetPasta the Insei (level 5, -3/34 HPs)
             Began as an Octopode Transmuter on May 5, 2016.
             Slain by an iron imp (5 damage)
             ... summoned by Natasha
             ... on level 3 of the Dungeon.
             The game lasted 00:12:07 (3288 turns).

AlphabetPasta the Insei (Octopode Transmuter)       Turns: 3288, Time: 00:12:08

Health: -3/34      AC:  1    Str:  9    XL:     5   Next: 71%
Magic:  9/9        EV: 12    Int: 17    God:
Gold:   170        SH:  0    Dex: 12    Spells: 3 memorised, 4 levels left

rFire  . . .     SeeInvis .       - Unarmed
rCold  . . .     Gourm    .     (no shield)
rNeg   + . .     Faith    .     (helmet restricted)
rPois  .         Spirit   .     (no amulet)
rElec  .         Dismiss  .     j - ring of positive energy
rCorr  .         Reflect  .     (no ring)
SustAt .         Harm     .     (no ring)
MR     .....                    (no ring)
Stlth  ++........               (no ring)
                                (no ring)
                                (no ring)
                                (no ring)

@: appendage, not resistant to hostile enchantments, unstealthy
A: almost no armour, amphibious, 8 rings, constrict 8, tentacle spike 3,
camouflage 1, gelatinous body 1
a: End Transformation


You were on level 3 of the Dungeon.
You were not hungry.
One of your tentacles had a temporary spike.
You visited 1 branch of the dungeon, and saw 3 of its levels.

You collected 170 gold pieces.

Inventory:

Missiles
 a - 13 arrows
Jewellery
 j - a ring of positive energy (left tentacle)
 o - an uncursed ring of sustain attributes {unknown}
Wands
 q - a wand of digging (9/24)
Scrolls
 g - 3 scrolls of teleportation {unknown}
 h - a scroll of noise {unknown}
 i - 2 scrolls of identify {unknown}
 l - 2 scrolls of fear {unknown}
 m - a scroll of remove curse {unknown}
Potions
 d - 2 potions of agility
 e - a potion of curing
 k - a potion of lignification {unknown}
 n - a potion of invisibility {unknown}
 p - 2 potions of degeneration {unknown}
Books
 b - a book of Changes

   Spells                             Type                      Level
   a - Beastly Appendage              Transmutation                1
   b - Sticks to Snakes               Transmutation                2
   c - Spider Form                    Transmutation/Poison         3
   d - Ice Form                       Ice/Transmutation            4
   e - Blade Hands                    Transmutation                5
Comestibles
 c - 2 bread rations
 f - 5 fruits
 r - 2 chunks of flesh


   Skills:
 + Level 2.2 Fighting
 + Level 2.7 Dodging
 * Level 3.7 Unarmed Combat
 * Level 3.0 Spellcasting
 * Level 3.0 Transmutations
 + Level 1.9 Poison Magic


You had 4 spell levels left.
You knew the following spells:

 Your Spells              Type           Power        Failure   Level  Hunger
a - Beastly Appendage     Trmt           ##....       6%          1    None
b - Sticks to Snakes      Trmt           ##......     10%         2    ##.....
c - Spider Form           Trmt/Pois      ##........   21%         3    ###....


Dungeon Overview and Level Annotations

Branches:
Dungeon (3/15)

Altars:
Ru

Annotations:
D:3 Natasha


Innate Abilities, Weirdness & Mutations

You cannot wear most types of armour.
You are amphibious.
You can wear up to eight rings at the same time.
You can use your tentacles to constrict eight enemies at once.
Your skin changes colour to match your surroundings (Stealth).
Your rubbery body absorbs attacks (AC +1).
One of your tentacles bears a large vicious spike.


Message History

Natasha is heavily wounded.
Natasha casts a spell at you. You resist with some effort.
You tentacle-slap Natasha. Your grab misses Natasha.
Your squeeze misses Natasha.
Natasha is severely wounded.
The iron imp hits you!
* * * LOW HITPOINT WARNING * * *
Natasha mumbles some strange words.
You miss Natasha. You grab Natasha.
Natasha is severely wounded.
You constrict Natasha, but do no damage.
The iron imp hits you.
* * * LOW HITPOINT WARNING * * *
Natasha barely misses you.
You tentacle-slap Natasha but do no damage.
Your tentacle spike misses Natasha.
Natasha is severely wounded.
You constrict Natasha. Natasha barely misses you. The iron imp hits you.
You die...

....... #.............
....... #...##########
....... #...# .......
##### #######
.......############.....#
................o.........
..$.....5oo.....o.........
........#h##########.....#
........#@# #.....#
........#5####### #.....#
##.............####.....#
#.............'.....(...
#.....[.......##########
#.......................
#######.#############...
#.............#.#.
#############.#...


You could see an iron imp, Natasha, a crimson imp and 2 orcs.

Vanquished Creatures
  Natasha (twice) (D:3)
  Terence (D:3)
  5 adders (D:3)
  An ooze (D:1)
  2 dart slugs (D:2)
  A giant gecko (D:1)
  2 orcs (D:3)
  4 bats
  4 giant cockroaches
  6 goblins
  10 hobgoblins
  10 jackals
  A ball python (D:3)
  2 giant newts (D:1)
  10 kobolds
  2 rats
63 creatures vanquished.

Notes
Turn   | Place    | Note
--------------------------------------------------------------
     0 | D:1      | AlphabetPasta the Octopode Transmuter began the quest for the Orb.
     0 | D:1      | Reached XP level 1. HP: 13/13 MP: 3/3
   122 | D:1      | Reached XP level 2. HP: 12/18 MP: 3/5
   315 | D:1      | Learned a level 2 spell: Sticks to Snakes
   666 | D:1      | Reached XP level 3. HP: 15/24 MP: 6/6
   678 | D:1      | Learned a level 3 spell: Spider Form
  1341 | D:2      | Found a faded altar to an unknown god.
  1687 | D:3      | Found a sacrificial altar of Ru.
  1755 | D:3      | Reached XP level 4. HP: 23/29 MP: 5/7
  2232 | D:3      | Noticed Natasha
  2244 | D:3      | Killed Natasha
  2258 | D:3      | Reached skill level 1 in Poison Magic
  2591 | D:3      | Noticed Terence
  2617 | D:3      | Killed Terence
  2617 | D:3      | Reached XP level 5. HP: 12/34 MP: 5/9
  3256 | D:3      | Noticed Natasha
  3265 | D:3      | Killed Natasha
  3279 | D:3      | Noticed Natasha
  3288 | D:3      | Slain by an iron imp

Vault maps used:
D:1:      lightli_arrival_chessboard, hex_tiny, minmay_misc_feat_chi,
          minmay_misc_feat_plants, hangedman_decor_diamond_cutter,
          lemuel_another_geyser
D:2:      ecumenical_altar_2, serial_forest, infiniplex_forest_clump_tiny,
          infiniplex_forest_clump_large, infiniplex_forest_3_way,
          infiniplex_forest_lined_room_3, infiniplex_forest_lined_room_2,
          infiniplex_forest_straight_1, infiniplex_forest_straight_1,
          infiniplex_forest_lined_4_way
D:3:      first_bread, minivault_5, nicolae_ru_awakened_eye, uniq_natasha,
          uniq_terence

Skill      XL: |  1  2  3  4  5 |
---------------+----------------+-----
Fighting       | 2 |  2.2
Poison Magic   | 1 |  1.9
Spellcasting   | 3 |  3.0
Transmutations | 3 |  3.0
Dodging        | |  2.7
Unarmed Combat | |  3.7

Action                   |  1- 3 |  4- 6 || total
-------------------------+-------+-------++-------
Melee: Unarmed           |    91 |    91 ||   182
       Constrict         |    23 |    21 ||    44
       Kick              |    15 |    12 ||    27
       Tentacles         |    16 |    17 ||    33
       Punch             |     1 |     2 ||     3
 Cast: Beastly Appendage |    10 |    10 ||    20
       Sticks to Snakes  |       |     3 ||     3
  Use: Potion            |       |     1 ||     1
 Stab: Sleeping          |     6 |     1 ||     7
       Distracted        |     1 |       ||     1
  Eat: Chunk             |     3 |     2 ||     5
       Fruit             |       |     3 ||     3
Armor: Skin              |     5 |     2 ||     7
Dodge: Dodged            |    50 |    40 ||    90
